 Dungeon Crawl Stone Soup version 0.15-a0-39-g424acf8 (webtiles) character file.

64 Qrupt the Ogre Mage (level 3, 0/31 HPs)
             Began as an Ogre Necromancer on Apr 3, 2014.
             Slain by an adder (2 damage)
             ... on Level 1 of the Dungeon.
             The game lasted 00:04:19 (1404 turns).

Qrupt the Ogre Mage (Ogre Necromancer)              Turns: 1404, Time: 00:04:19

HP   0/31        AC  3     Str 13      XL: 3   Next: 12%
MP   8/8         EV 10     Int 14      God:
Gold 36          SH  0     Dex 11      Spells:  3 memorised,  4 levels left

rFire  + . .     SeeInvis .     e - +0 club (drain)
rCold  + . .     Clarity  .     a - +0 robe
rNeg   . . .     Conserve .     (shield restricted)
rPois  +         rCorr    .     (helmet restricted)
rElec  +         rRot     .     (no cloak)
SustAb . .       Spirit   .     (gloves unavailable)
rMut   .         Warding  .     (boots unavailable)
Saprov + . .     Stasis   .     (no amulet)
MR     .....                    (no ring)
                                g - ring of wizardry

@: lethally poisoned, not resistant to hostile enchantments, unstealthy
A: unfitting armour, fast metabolism 1, saprovore 1, tough skin 1
a: no special abilities


You were on level 1 of the Dungeon.
You were hungry.

You visited 1 branch of the dungeon, and saw 2 of its levels.

You collected 36 gold pieces.

Inventory:

Hand weapons
 e - a +0,+0 club of draining (weapon)
 l - a +0,+0 club
Armour
 a - a +0 robe (worn)
Comestibles
 c - 2 meat rations
 k - a chunk of bat flesh
 m - 2 chunks of goblin flesh
Scrolls
 f - a scroll of teleportation {unknown}
 h - a scroll of recharging {unknown}
 i - 2 scrolls of identify {unknown}
 j - a scroll of random uselessness {unknown}
Jewellery
 g - a ring of wizardry (left hand)
Potions
 n - a potion of restore abilities {unknown}
Books
 b - a book of Necromancy

   Spells                             Type                      Level
   *Pain                              Necromancy                   1
   *Animate Skeleton                  Necromancy                   1
   *Lethal Infusion                   Charms/Necromancy            2
   Vampiric Draining                  Necromancy                   3
   Regeneration                       Charms/Necromancy            3
   Animate Dead                       Necromancy                   4
   Control Undead                     Necromancy                   4


   Skills:
 + Level 1.8 Maces & Flails
 - Level 1.7 Dodging
 - Level 1.5 Stealth
 + Level 3.1 Spellcasting
 + Level 3.1 Necromancy


You had 4 spell levels left.
You knew the following spells:

 Your Spells              Type           Power        Failure   Level  Hunger
a - Pain                  Necr           ##..         4%          1    #......
b - Lethal Infusion       Chrm/Necr      #.........   9%          2    ##.....
c - Animate Skeleton      Necr           N/A          4%          1    #......


Dungeon Overview and Level Annotations

Branches:
Dungeon (2/15)

Altars:

Annotations:
D:2 Sigmund


Innate Abilities, Weirdness & Mutations

You are too large for most types of armour.
You have a fast metabolism.
You can tolerate rotten meat.
You have tough skin (AC +1).


Message History

You are more poisoned.
The adder poisons you! The adder bites you.
You are lethally poisoned!
The adder poisons you!
You hit the adder.
The adder is lightly wounded.
* * * LOW HITPOINT WARNING * * *
You feel sick. The adder closely misses you.
You closely miss the adder.
The adder is lightly wounded.
* * * LOW HITPOINT WARNING * * *
You feel sick. The adder bites you.
* * * LOW HITPOINT WARNING * * *
The adder closely misses you.
Drink which item? (? for menu, Esc to quit)
You feel protected.
It was a potion of resistance.
* * * LOW HITPOINT WARNING * * *
You feel sick. The adder bites you.
You die...

......# #.#.......##.## # ......#
#.#.......#..# ......#
#.####.......## #
.....%###########.####........###
...).[...........................
......###.........#####..........
#.##### #.........# #..........
#.# #.........# #..........
#.#######(......@S# #..........
.....(............# #..........
.......##.........# #..........
.......##.........# ###########
..(....##.........# #.........#
.......##########.# #.........#
.......# #.# #.........# ########
#.# #.........# #.#####.........#


You could see an adder.

Vanquished Creatures
  7 bats (D:1)
  7 goblins (D:1)
  3 hobgoblins (D:1)
  2 kobolds (D:1)
  A giant cockroach (D:1)
  A giant gecko (D:1)
  4 giant newts (D:1)
  2 rats (D:1)
27 creatures vanquished.

Notes
Turn   | Place    | Note
--------------------------------------------------------------
     0 | D:1      | Qrupt, the Ogre Necromancer, began the quest for the Orb.
     0 | D:1      | Reached XP level 1. HP: 16/16 MP: 3/3
    29 | D:1      | Reached skill level 3 in Necromancy
   204 | D:1      | Reached XP level 2. HP: 15/24 MP: 5/5
   462 | D:1      | Reached skill level 1 in Maces & Flails
   495 | D:1      | Learned a level 2 spell: Lethal Infusion
   588 | D:1      | Learned a level 1 spell: Animate Skeleton
  1231 | D:1      | Reached XP level 3. HP: 27/31 MP: 7/7
  1388 | D:2      | Noticed Sigmund
  1404 | D:1      | Slain by an adder

Action                   || total
-------------------------++-------
Melee: Club              ||   126
       Unarmed           ||     1
 Cast: Lethal Infusion   ||     1
  Use: Scroll            ||     1
       Potion            ||     1
